 Dungeon Crawl Stone Soup version 0.29.0-4-gdea44cf6ec (webtiles) character file.

Game seed: 17956134746478053208

6 qw the Chopper (level 1, -4/12 HPs)
             Began as a Tengu Warper on Aug 28, 2022.
             Slain by a gnoll
             ... wielding a +0 whip
              (7 damage)
             ... on level 1 of the Dungeon.
             The game lasted 00:00:00 (227 turns).

qw the Chopper (Tengu Warper)                        Turns: 227, Time: 00:00:01

Health: -4/12      AC:  3    Str: 11    XL:     1   Next: 90%
Magic:  4/4        EV: 11    Int: 13    God:
Gold:   34         SH:  0    Dex: 13    Spells: 4/4 levels left

rFire   . . .      SeeInvis .   a - +0 hand axe
rCold   . . .      Faith    .   (no shield)
rNeg    . . .      Spirit   .   b - +0 leather armour
rPois   .          Reflect  .   (helmet restricted)
rElec   .          Harm     .   (no cloak)
rCorr   .          Rampage  .   (no gloves)
Will    .....                   (boots unavailable)
Stlth   +.........              (no amulet)
HPRegen 0.04/turn               (no ring)
MPRegen 0.09/turn               (no ring)

@: no status effects
A: beak, talons 3
a: no special abilities


You were on level 1 of the Dungeon.
You visited 1 branch of the dungeon, and saw 1 of its levels.

You collected 112 gold pieces.
You spent 78 gold pieces at shops.


Innate Abilities, Weirdness & Mutations

You have a beak for a mouth.
You have claws for feet.


   Skills:
 - Level 2.0 Fighting
 + Level 2.9 Axes
 - Level 1.0 Throwing
 - Level 1.1 Armour
 - Level 2.1 Dodging
 - Level 2.0 Spellcasting
 - Level 2.4 Translocations


You had 4 spell levels left.
You didn't know any spells.
Your spell library contained the following spells:

 Spells                   Type           Power      Damage    Failure   Level
 Blink                    Tloc           14%        N/A       19%         2
 Gell's Gravitas          Tloc           7%         N/A       36%         3
 Lesser Beckoning         Tloc           7%         N/A       36%         3
 Teleport Other           Tloc           7%         N/A       36%         3
 Manifold Assault         Tloc           7%         N/A       98%         5

Inventory:

Hand Weapons
 a - a +0 hand axe (weapon)
 f - a +0 club
Missiles
 d - 2 boomerangs of dispersal (quivered)
Armour
 b - a +0 leather armour (worn)
 g - a +0 plate armour
Scrolls
 c - a scroll of blinking
Potions
 e - 2 potions of curing

Dungeon Overview and Level Annotations

Branches:
Dungeon (1/15)

Altars:

Shops:
D:1 !?


Message History

Enter note:
Enter note: The endoplasm quivers.
You hit the endoplasm. You claw the endoplasm.
You kill the endoplasm!
A hobgoblin comes into view.
The hobgoblin shouts!
Enter note: Throw: 4 boomerangs (disperse)
Press: ? - help, Q - select action Shift-Dir - straight line, f - hobgoblin You throw a boomerang of dispersal.
The boomerang of dispersal barely misses the hobgoblin.
Throw: 3 boomerangs (disperse)
Press: ? - help, Q - select action Shift-Dir - straight line, f/p - hobgoblin You throw a boomerang of dispersal.
The boomerang of dispersal hits the hobgoblin.
The hobgoblin blinks!
Found 10 gold pieces.
You hit the hobgoblin but do no damage.
The hobgoblin hits you but does no damage.
You hit the hobgoblin. You claw the hobgoblin.
You kill the hobgoblin!
You now have 34 gold pieces (gained 10).
A gnoll and a dart slug come into view.
The gnoll shouts!
A goblin comes into view. It is wielding a +0 club.
The goblin shouts!
The gnoll completely misses you. The dart slug barely misses you.
You barely miss the gnoll. You peck the gnoll, but do no damage.
You hit the dart slug. The gnoll hits you with a +0 whip.
Ouch! That really hurt!
The dart slug launches a dart at you. The slug dart hits you.
You hit the dart slug but do no damage.
The dart slug is moderately wounded.
You barely miss the goblin. You hit the gnoll.
The gnoll hits you with a +0 whip!
Ouch! That really hurt!
You die...

#.#.# ##.#.## ...
.#.#.#########.###.##
..............## ##.#
.......#######.###.##
.......# #.#.##
.###.### #.## # # #.#
#.# 8#8# #.# ##.##
.... #+# #.@.# ###


#gwg# .... #...# 8#8# .#.## ### ....# ...... ##....# ##.#.# You could see a
gnoll, a dart slug and a goblin.

Vanquished Creatures
  An endoplasm (D:1)
  A hobgoblin (D:1)
  A kobold (D:1)
  A quokka (D:1)
  A ball python (D:1)
5 creatures vanquished.

Notes
Turn   | Place    | Note
-------+----------+-------------------------------------------
     0 | D:1      | qw the Tengu Warper began the quest for the Orb.
     0 | D:1      | Reached XP level 1. HP: 12/12 MP: 4/4
     0 | D:1      | 0 ||| qw: Version: 0.1-a-89-g26bdef1
     0 | D:1      | 0 ||| qw: Game counter: 1925
     0 | D:1      | 0 ||| qw: Always use a shield: true
     0 | D:1      | 0 ||| qw: God list: Okawaru
     0 | D:1      | 0 ||| qw: Allow faded altars: false
     0 | D:1      | 0 ||| qw: Do Orc after D:15 true
     0 | D:1      | 0 ||| qw: Do second Lair branch before Depths: true
     0 | D:1      | 0 ||| qw: Lair rune preference: random
     0 | D:1      | 0 ||| qw: Plans: Normal
     0 | D:1      | 0 ||| PLANNING D:1-11
    24 | D:1      | Found Esafrise's Distillery.
    47 | D:1      | 47 ||| SHOPLISTING 2 potions of resistance (260 gold, have
                  | 81).
    47 | D:1      | 47 ||| BUYING potion of curing (39 gold).
    47 | D:1      | Bought a potion of curing for 39 gold pieces
    47 | D:1      | 47 ||| BUYING potion of curing (39 gold).
    47 | D:1      | Bought a potion of curing for 39 gold pieces
    47 | D:1      | 47 ||| SHOPLISTING potion of might (52 gold, have 3).
    73 | D:1      | Found Ecwef's Magic Scroll Boutique.
    86 | D:1      | 86 ||| SHOPLISTING scroll of identify (22 gold, have 10).
   226 | D:1      | HP: 3/12 [dart slug/slug dart (3)]
   227 | D:1      | Slain by a gnoll

Levels and vault maps discovered:
D:1:      heliophobic_arrival_ceremonial_halls, layout_loops_corners,
          ebering_ecumenical_altar_rust, serial_shops, nicolae_lakefront_shop,
          shop_coins, shop, shop, chequers_garden

Action                   || total
-------------------------++-------
Melee: Hand axe          ||     9
       Kick              ||     2
       Peck              ||     1
Throw: Boomerang         ||     5
Armor: Leather armour    ||     2
Dodge: Dodged            ||     5

Table legend:
 A = Non-vault XP
 B = Vault XP
 C = Vault XP percentage of total XP
 D = Non-vault monster count
 E = Vault monster count
 F = Vault count percentage of total count
                 A         B        C        D         E       F
            +---------+---------+-------+---------+---------+-------
      Total |       9 |       0 |   0.0 |       5 |       0 |   0.0
            +---------+---------+-------+---------+---------+-------
        D:1 |       9 |       0 |   0.0 |       5 |       0 |   0.0
            +---------+---------+-------+---------+---------+-------
